 Dungeon Crawl Stone Soup version 0.31-a0-1074-g0b22e4e0f1 (webtiles) character file.

Game seed: 98457677131702743

636 pokeman the Magician (level 7, -2/38 HPs)
             Began as a Deep Elf Hedge Wizard on Dec 4, 2023.
             Was an Initiate of Vehumet.
             Slain by an orc wizard
             ... wielding a +0 dagger of venom
              (4 damage)
             ... on level 5 of the Dungeon.
             The game lasted 00:08:13 (4614 turns).

pokeman the Magician (Deep Elf Hedge Wizard)        Turns: 4614, Time: 00:08:13

Health: -2/38      AC:  2    Str:  9    XL:     7   Next: 25%
Magic:  16/19      EV: 13    Int: 27    God:    Vehumet [......]
Gold:   351        SH:  0    Dex: 16    Spells: 8/20 levels left

rFire   . . .        p - +8 sling of Musosug {freeze, rElec Str+2 Dex+2}
rCold   + . .        (no shield)
rNeg    . . .        b - +0 robe
rPois   .            c - +0 hat
rElec   +            (no cloak)
rCorr   .            (no gloves)
SInv    .            (no boots)
Will    .....        (no amulet)
Stlth   +            A - ring of protection from cold
HPRegen 0.26/turn    B - +6 ring of intelligence
MPRegen 0.16/turn

%: no passive effects
@: confused, lethally poisoned (-2 -> -11)
A: no striking features
a: Renounce Religion


You were on level 5 of the Dungeon.
You worshipped Vehumet.
Vehumet was noncommittal.
You visited 2 branches of the dungeon, and saw 6 of its levels.

You collected 351 gold pieces.

Inventory:

Hand Weapons
 k - a +1 hand axe of venom
 p - the +8 sling of Musosug (weapon) {freeze, rElec Str+2 Dex+2}
   (You found it on level 2 of the Dungeon)

   Str+2:     It affects your strength (+2).
   Dex+2:     It affects your dexterity (+2).
   rElec:     It insulates you from electricity.
Armour
 b - a +0 robe (worn)
 c - a +0 hat (worn)
Magical Staves
 h - a staff of earth
 j - a staff of fire
Jewellery
 A - a ring of protection from cold (left hand)
 B - a +6 ring of intelligence (right hand)
Wands
 x - a wand of charming (6)
 y - a wand of flame (17)
Scrolls
 g - 2 scrolls of fear {unknown}
 i - 2 scrolls of torment {unknown}
 l - a scroll of immolation {unknown}
 n - 2 scrolls of vulnerability {unknown}
 o - a scroll of amnesia {unknown}
 q - 2 scrolls of teleportation {unknown}
 s - 4 scrolls of identify {unknown}
 u - 2 scrolls of noise {unknown}
 v - a scroll of revelation {unknown}
Potions
 a - 2 potions of haste {unknown}
 d - a potion of magic
 e - 6 potions of curing {unknown}
 f - 2 potions of mutation {unknown}
 m - 2 potions of brilliance {unknown}
 r - 2 potions of invisibility {unknown}
 t - 2 potions of cancellation {unknown}
 w - 3 potions of heal wounds {unknown}
 z - 2 potions of might {unknown}


   Skills:
 + Level 1.1 Fighting
 - Level 2.0 Armour
 - Level 3.0 Dodging
 - Level 4.1 Stealth
 * Level 7.4 Spellcasting
 + Level 3.4 Conjurations
 - Level 1.1 Summonings
 + Level 0.0 Necromancy
 - Level 1.1 Translocations
 + Level 1.6 Fire Magic
 - Level 1.0 Air Magic
 - Level 1.0 Earth Magic
 - Level 1.0 Poison Magic
 - Level 1.0 Evocations


You had 8 spell levels left.
You knew the following spells:

 Your Spells              Type           Power      Damage    Failure   Level
a - Magic Dart            Conj           100%       1d8       1%          1
b - Mephitic Cloud        Conj/Pois/Air  19%        N/A       8%          3
c - Call Imp              Summ           32%        N/A       5%          2
d - Blink                 Tloc           32%        N/A       5%          2
e - Dispel Undead         Necr           10%        3d9       50%         4

Your spell library contained the following spells:

 Spells                   Type           Power      Damage    Failure   Level
 Kiss of Death            Conj/Necr      76%        2d11      2%          1
 Summon Small Mammal      Summ           64%        N/A       3%          1
 Slow                     Hex            40%        N/A       5%          1
 Lesser Beckoning         Tloc           32%        N/A       5%          2
 Cigotuvi's Dreadful Rot  Necr/Pois/Air  26%        N/A       6%          2
 Dazzling Flash           Conj/Hex       38%        N/A       9%          3
 Call Canine Familiar     Summ           16%        N/A       11%         3
 Gell's Gravitas          Tloc           16%        N/A       11%         3
 Teleport Other           Tloc           16%        N/A       11%         3
 Summon Guardian Golem    Hex/Summ       13%        N/A       14%         3
 Confusing Touch          Hex            10%        N/A       17%         3
 Silence                  Hex/Air        6%         N/A       77%         5
 Agony                    Necr           10%        N/A       83%         5


Dungeon Overview and Level Annotations

Branches:
Dungeon (5/15)             Temple (1/1) D:4

Altars:
Ashenzari
Cheibriados
Dithmenos
Elyvilon
Fedhas
Gozag
Hepliaklqana
Kikubaaqudgha
Makhleb
Nemelex Xobeh
Okawaru
Qazlal
Ru
Sif Muna
Trog
Vehumet
Wu Jian
Zin
The Shining One

Shops:
D:4 *


Message History

The sling bullet freezes the orc.
The orc is almost dead.
The orc priest calls down the wrath of Beogh upon you.
Beogh smites you!
The orc wizard hits you with a +0 dagger of venom.
You are poisoned.
Fire: p) +8 sling of Musosug {freeze, rElec Str+2 Dex+2}
Press: ? - help, Q - select action, (/) - cycle Shift-Dir - straight line, f/p - hound
Aim: a hound (57% to hit)
You shoot a sling bullet. The sling bullet hits the orc wizard.
The sling bullet freezes the orc wizard.
The orc wizard is moderately wounded.
You feel very sick.
The orc wizard hits you with a +0 dagger of venom.
You are more poisoned.
The orc wizard gestures at you while chanting.
The puff of flame hits you!
* * * LOW HITPOINT WARNING * * *
Casting: Mephitic Cloud (dangerous; 8% risk of failure)
Confirm with . or Enter, or press ? or * to list all spells.
Aiming: Mephitic Cloud (dangerous; 8% risk of failure)
Press: ? - help, Shift-Dir - straight line, f/p - hound
Aim: a hound (chance to affect: 86%)
The ball explodes into a vile cloud!
The stinking cloud engulfs the orc wizard but does no damage.
The orc wizard is moderately wounded.
The stinking cloud engulfs you but does no damage.
The stinking cloud engulfs the orc but does no damage.
The orc is severely wounded.
You are engulfed in noxious fumes.
You choke on the stench!
You are confused.
* * * LOW HITPOINT WARNING * * *
You feel very sick.
The orc is engulfed in noxious fumes.
The orc appears confused.
The orc closely misses the orc wizard.
The hound is engulfed in noxious fumes.
The hound appears confused.
The orc wizard is engulfed in noxious fumes.
The orc wizard appears confused.
The orc wizard hits you with a +0 dagger of venom.
You die...

#####...#
#.......... ..#.#
#.....#####
...#.# #.##### #
....# # #.# #
.....# #.# #
#.....#.###
######.## #
#.)...#....#
#.......# #
#..##.......# #
#o@........# #
.).o.ho○.>......#
#
.########.......#
# #.......#
#.......#
#.......#
#.......#
#.......#


You could see a hound (confused), an orc priest, an orc wizard (confused) and an
orc (confused).

Vanquished Creatures
  A black bear (D:5)
  A phantom (D:5)
  An orc priest (D:3)
  3 hounds
  3 sleepcaps
  2 iguanas (D:4)
  An orc wizard (D:5)
  3 gnolls (D:4)
  5 adders
  2 ufetubi (D:3)
  3 worms
  3 dart slugs
  10 orcs
  8 endoplasms
  6 giant cockroaches
  5 goblins
  7 hobgoblins
  5 kobolds
  6 quokkas
  12 ball pythons
  6 bats
  6 frilled lizards
  4 rats
103 creatures vanquished.

Notes
Turn   | Place    | Note
-------+----------+-------------------------------------------
     0 | D:1      | pokeman the Deep Elf Hedge Wizard began the quest for the
                  | Orb.
     0 | D:1      | Reached XP level 1. HP: 10/10 MP: 7/7
   533 | D:1      | Reached XP level 2. HP: 16/16 MP: 3/9
  1189 | D:1      | Reached skill level 5 in Spellcasting
  1382 | D:2      | Reached skill level 1 in Fighting
  1382 | D:2      | Reached skill level 1 in Armour
  1382 | D:2      | Reached XP level 3. HP: 14/20 MP: 7/11
  1386 | D:2      | Learned a level 3 spell: Mephitic Cloud
  1389 | D:2      | Learned a level 2 spell: Call Imp
  1392 | D:2      | Learned a level 2 spell: Blink
  1410 | D:2      | Found a faded altar of an unknown god.
  1634 | D:2      | Reached XP level 4. HP: 25/25 MP: 8/13
  1855 | D:2      | Identified the +8 sling of Musosug {freeze, rElec Str+2
                  | Dex+2}
  2715 | D:3      | Reached skill level 6 in Spellcasting
  2715 | D:3      | Reached XP level 5. HP: 29/29 MP: 13/15
  3498 | D:4      | Found a staircase to the Ecumenical Temple.
  3515 | Temple   | Entered the Ecumenical Temple
  3532 | Temple   | Became a worshipper of Vehumet
  3698 | D:4      | Reached XP level 6. HP: 34/34 MP: 15/17
  3845 | D:4      | Found Veogris's Fire Supplies.
  4033 | D:4      | Reached skill level 1 in Fire Magic
  4067 | D:4      | Reached skill level 1 in Evocations
  4321 | D:5      | Entered Level 5 of the Dungeon
  4329 | D:5      | Reached skill level 1 in Air Magic
  4329 | D:5      | Reached skill level 1 in Poison Magic
  4344 | D:5      | Reached skill level 1 in Earth Magic
  4448 | D:5      | Reached skill level 7 in Spellcasting
  4523 | D:5      | Reached XP level 7. HP: 38/38 MP: 19/19
  4599 | D:5      | Learned a level 4 spell: Dispel Undead
  4614 | D:5      | Slain by an orc wizard

Illustrated notes

Levels and vault maps discovered:
D:1:      dpeg_arrival_short_road, layout_loops_corners, minmay_domino_4
D:2:      minmay_chambers_of_twos, layout_loops_corners,
          ebering_ecumenical_altar_rust
D:3:      layout_basic, grunt_decor_junction
D:4:      layout_basic, minmay_temple_entry_glass, hangedman_decor_points,
          minmay_misc_feat_hallway, minmay_misc_feat_chi,
          hangedman_decor_slide_cut, nicolae_shop_fire_sale
          [nicolae_sub_dead_trees]
D:5:      layout_basic, nrook_mini_vaults
Temple:   nicolae_temple_bog_church

Skill      XL: |  1  2  3  4  5  6  7 |
---------------+----------------------+-----
Spellcasting   | 5 6 7 |  7.4
Fighting       | 1 |  1.1
Armour         | 1 2 |  2.0
Conjurations   | 2 3 |  3.4
Dodging        | 3 |  3.0
Stealth        | 3 4 |  4.1
Fire Magic     | 1 |  1.6
Evocations     | 1 |  1.0
Air Magic      | 1 |  1.0
Poison Magic   | 1 |  1.0
Earth Magic    | 1 |  1.0
Summonings     | |  1.1
Translocations | |  1.1

Action                     |  1- 3 |  4- 6 |  7- 9 || total
---------------------------+-------+-------+-------++-------
  Melee: Hand axe          |     7 |       |       ||     7
   Fire: Sling             |       |   125 |    14 ||   139
   Cast: Magic Dart        |    82 |    19 |       ||   101
         Call Imp          |       |     1 |       ||     1
         Mephitic Cloud    |       |       |     2 ||     2
 Armour: Robe              |    11 |    10 |     4 ||    25
  Dodge: Dodged            |    14 |    22 |     3 ||    39

Table legend: (Time is in decaauts)
 A = Elapsed time spent in this place.
 B = Non-inter-level travel time spent in this place.
 C = Inter-level travel time spent in this place.
 D = Time resting spent in this place.
 E = Time spent auto-exploring this place.
 F = Levels seen in this place.
 G = Mean time per level.
                   A        B        C        D        E       F      G
               +--------+--------+--------+--------+--------+-----+--------+
         Total |   4668 |   4521 |    147 |      6 |   3942 |   6 |  778.0 |
       Dungeon |   4634 |   4519 |    115 |      6 |   3942 |   5 |  926.8 |
        Temple |     34 |      2 |     32 |      0 |      0 |   1 |   34.0 |
               +--------+--------+--------+--------+--------+-----+--------+

Top non-repeatable levels by time:
     D:1: 1374 daAuts
     D:2: 1269 daAuts
     D:4: 922 daAuts
     D:3: 763 daAuts
     D:5: 303 daAuts
  Temple: 34 daAuts
